General information
- name: grudge03
- type: Ladder 1vs1/FFA
- host: evil_pengoon
- saver: BEAR_AND
map: FrozenHarvest
- players: 8
- length: 16:46
- speed: Fast
- version: 1.21 W3XP
- replay type:

» download(105 KB)
Players
team 1 (loser)
WWGT]BaronMorte (
green | 119 APM | 1934 actions | 16:18)
4 Dark Ranger
2 Black Arrow
2 Life Drain
3 Naga Sea Witch
2 Frost Arrows
1 Forked Lightning
1 Priestess of the Moon
1 Trueshot Aura
» actions
| Assign group hotkey | 87 | |
| Basic commands | 7 | |
| Build / train | 69 | |
| Enter build submenu | 13 | |
| Enter hero's abilities submenu | 8 | |
| Give item / drop item | 2 | |
| Remove unit from queue | 10 | |
| Right click | 871 | |
| Select / deselect | 307 | |
| Select group hotkey | 457 | |
| Use ability | 103 | |
1934 total
» units
| Wisp | 10 | |
| Archer | 7 | |
| Druid of the Claw | 6 | |
| Dryad | 9 | |
32 total
» upgrades
| Druid of the Claw Training | 2 | |
| Abolish Magic | 1 | |
| Well Spring | 1 | |
| Strength of the Wild | 1 | |
| Ultravision | 1 | |
| Reinforced Hides | 1 | |
7 total
» buildings
| Moon Well | 5 | |
| Altar of Elders | 1 | |
| Ancient of War | 1 | |
| Tree of Ages | 1 | |
| Hunter's Hall | 1 | |
| Ancient of Lore | 2 | |
| Tree of Eternity | 1 | |
| Ancient of Wonders | 1 | |
| Tree of Life | 1 | |
14 total
» build order
00:18 Moon Well
00:23 Altar of Elders
00:32 Ancient of War
01:16 Moon Well
02:55 Tree of Ages
03:48 Hunter's Hall
04:01 Moon Well
04:03 Moon Well
05:31 Ancient of Lore
05:33 Ancient of Lore
06:08 Tree of Eternity
09:24 Ancient of Wonders
12:26 Tree of Life
15:39 Moon Well
» items
| Potion of Lesser Invulnerability | 1 | |
| Boots of Speed | 1 | |
| Staff of Preservation | 1 | |
| Anti-magic Potion | 1 | |
4 total
team 2 (winner)

»
WWGT]Mongrethod (
red | 123 APM | 2013 actions | 16:19)
4 Archmage
2 Summon Water Elemental
2 Brilliance Aura
4 Mountain King
2 Storm Bolt
2 Bash
3 Paladin
2 Holy Light
1 Divine Shield
» actions
| Assign group hotkey | 72 | |
| Basic commands | 314 | |
| Build / train | 62 | |
| Enter build submenu | 28 | |
| Enter hero's abilities submenu | 12 | |
| Give item / drop item | 3 | |
| Remove unit from queue | 1 | |
| Right click | 362 | |
| Select / deselect | 271 | |
| Select group hotkey | 804 | |
| Use ability | 84 | |
2013 total
» units
| Peasant | 12 | |
| Footman | 7 | |
| Spell Breaker | 6 | |
| Priest | 3 | |
| Sorceress | 3 | |
| Mortar Team | 3 | |
34 total
» upgrades
| Fragmentation Shards | 1 | |
| Priest Training | 1 | |
| Flare | 1 | |
| Sorceress Training | 1 | |
4 total
» buildings
| Altar of Kings | 1 | |
| Barracks | 1 | |
| Farm | 8 | |
| Scout Tower | 4 | |
| Keep | 1 | |
| Arcane Tower | 4 | |
| Arcane Vault | 1 | |
| Blacksmith | 1 | |
| Arcane Sanctum | 2 | |
| Castle | 1 | |
| Workshop | 1 | |
| Town Hall | 1 | |
26 total
» build order
00:11 Altar of Kings
00:17 Barracks
00:20 Farm
00:56 Farm
01:32 Farm
02:06 Scout Tower
03:18 Keep
03:25 Arcane Tower
03:38 Arcane Vault
04:15 Blacksmith
04:19 Farm
04:21 Farm
05:58 Arcane Sanctum
06:33 Castle
07:58 Workshop
09:12 Farm
10:53 Farm
10:54 Farm
11:43 Town Hall
11:46 Scout Tower
11:49 Scout Tower
11:50 Scout Tower
12:16 Arcane Tower
12:17 Arcane Tower
12:18 Arcane Tower
15:13 Arcane Sanctum
» items
| Scroll of Regeneration | 2 | |
| Lesser Clarity Potion | 1 | |
3 total
observersevil_pengoon,
dirtmcwordup,
iggy_the_fisk,
BEAR_AND,
VELOX_NEB,
Chopstix Chat log
(00:06 / All) WWGT]Mongrethod: this isn't xmasy
(00:13 / All) WWGT]BaronMorte: tis as close as one can get
(00:32 / Observers) Chopstix: these all goon maps?
(00:41 / Observers) BEAR_AND: i converted ts tm and ei to winter
(00:43 / All) WWGT]Mongrethod: this is horrible
(00:47 / All) WWGT]Mongrethod: you're a mile away
(00:47 / Observers) iggy_the_fisk: this one original
(00:47 / Observers) BEAR_AND: blinn made one, mata made this
(00:48 / All) WWGT]BaronMorte: how so
(00:49 / All) WWGT]BaronMorte: oh
(00:51 / All) WWGT]BaronMorte: yea not a rush prone map
(00:54 / Observers) evil_pengoon: mong rathat
(01:00 / All) WWGT]Mongrethod: great for harassing heros
(01:15 / Observers) Chopstix: big means they will creep the map again
(01:28 / Observers) dirtmcwordup: OMAR
(01:29 / Observers) dirtmcwordup: gooding
(01:31 / Observers) dirtmcwordup: black guy
(02:33 / Observers) Chopstix: can
(02:39 / Observers) Chopstix: observers blow up critters
(02:42 / Observers) BEAR_AND: no
(02:44 / Observers) BEAR_AND: been researched
(03:04 / Observers) Chopstix: how about
(03:12 / Observers) Chopstix: mechanical critters bought from store
(03:15 / Observers) Chopstix: not with observers
(05:24 / Observers) VELOX_NEB: he doesn't micro archers well
(05:32 / Observers) BEAR_AND: nobody microes at all this whole series
(05:46 / Observers) VELOX_NEB: how many games have been played?
(05:55 / Observers) iggy_the_fisk: guy just building in his face
(05:57 / Observers) iggy_the_fisk: flaunting it
(06:00 / Observers) BEAR_AND: this 3 of 3
(06:04 / Observers) BEAR_AND: series is 1-1
(06:13 / Observers) dirtmcwordup: my face turning red
(06:17 / Observers) dirtmcwordup: because game is so embarrasing
(06:17 / Observers) VELOX_NEB: i mean how many tourney matches have been played
(06:28 / Observers) dirtmcwordup: this first
(07:01 / Observers) VELOX_NEB: mong needs to mix it up
(07:11 / Observers) BEAR_AND: all obs on vent groan
(07:15 / Observers) BEAR_AND: when he got serpentra
(07:21 / Observers) iggy_the_fisk: panda right now
(07:24 / Observers) iggy_the_fisk: oh dmna
(07:50 / Observers) VELOX_NEB: gg siren
(10:29 / All) WWGT]BaronMorte: That could be a bit wider
(10:55 / Observers) VELOX_NEB: not a good orc map
(11:04 / Observers) Chopstix: are we still towering
(11:08 / Observers) VELOX_NEB: aye
(12:07 / Observers) iggy_the_fisk: herofocus the crap out of next battle in 10 minutes
(12:08 / Observers) iggy_the_fisk: thanks
(12:20 / Observers) Chopstix: maybe they will fight there
(12:27 / Observers) iggy_the_fisk: only camp left
(12:28 / Observers) iggy_the_fisk: otherwise
(12:38 / Observers) Chopstix: bad news bears
(12:44 / Observers) iggy_the_fisk: b ail
(12:48 / Observers) iggy_the_fisk: no
(12:48 / Observers) iggy_the_fisk: no
(12:50 / Observers) iggy_the_fisk: don't focus
(12:57 / Observers) iggy_the_fisk: do not focus
(12:58 / Observers) iggy_the_fisk: nooo
(13:08 / Observers) iggy_the_fisk: well now you lost
(13:21 / Observers) VELOX_NEB: see chop?
(13:23 / Observers) VELOX_NEB: 2 morts
(13:31 / Observers) Chopstix: they had more than 2 dryad that time
(13:31 / Observers) iggy_the_fisk: yeah really turned that around
(13:32 / Observers) Chopstix: and upgrade
(13:46 / Observers) VELOX_NEB: well
(13:54 / Observers) VELOX_NEB: that and the level 8 creep blasting from behind
(14:08 / Observers) Chopstix: well he shouldnt have stayed there after he aggroed the creep
(14:14 / Observers) VELOX_NEB: t
(14:15 / Observers) VELOX_NEB: p
(14:31 / Observers) VELOX_NEB: would've saved a lot of loot
(14:35 / Observers) Chopstix: wtf
(14:41 / Observers) Chopstix: rejuv on full health bears?
(14:50 / Observers) iggy_the_fisk: guy hates mark of the wild
(14:50 / Observers) VELOX_NEB: burns mana
(14:50 / Observers) iggy_the_fisk: so
(14:55 / Observers) iggy_the_fisk: gotta get rid of mana somehow
(15:14 / Observers) iggy_the_fisk: mark of the claw i am sorry replay viewers
(15:22 / Observers) dirtmcwordup: roar you mean maybe
(15:28 / Observers) iggy_the_fisk: mark of the claw = allows roar
(15:29 / Observers) iggy_the_fisk: u know
(15:55 / Observers) VELOX_NEB: send wisps
(15:57 / Observers) VELOX_NEB: detonate
(16:10 / Observers) VELOX_NEB: mora moonsinger?
(16:12 / Observers) Chopstix: why potm
(16:15 / Observers) VELOX_NEB: wtf are you doing here?
(16:18 / All) WWGT]BaronMorte: gg